[Event "*** Titled Tuesday Blitz"]
[Site "Chess.com"]
[Date "2020.11.03"]
[Round "1"]
[White "chenxiaoyuer"]
[Black "JiiHart"]
[Result "1-0"]
[WhiteElo "2504"]
[BlackElo "2078"]
[TimeControl "180+1"]
[EndTime "10:08:04 PST"]
[Termination "chenxiaoyuer won by checkmate"]

1. e4 c5 2. Nf3 Nc6 3. d4 cxd4 4. Nxd4 Nf6 5. Nc3 d6 6. Be2 e5 7. Nf3 h6 8. O-O Be7 9. Re1 Be6 10. Bf1 O-O 11.
Nd5 Bxd5 12. exd5 Nb8 13. c4 Nbd7 14. Be3 a5 15. Nd2 Qc7 16. Rc1 Rfc8 17. Nb1 Nc5 18. Nc3 Qd7 19. h3 Bf8 20. f4 exf4 21. Bxf4 Re8 22. Qf3 Qf5 23. Nb5 Rad8 24. Rxe8 Nxe8 25. Re1 Nf6 26. Nd4 Qd7 27. Bxh6 gxh6 28. Qxf6 Bg7 29.
Qh4 Re8 30. Rxe8+ Qxe8 31. Nf5 Qe5 32. Qg4 Kh7 33. Nxg7 Qxg7 34. Qf4 Qg6 35. b3 b6 36. Kh2 Kg7 37. Be2 Nd7 38. Bf3 Ne5 39. Qd4 Qf5 40. Qe3 f6 41. Be4 Qg5 42. Qxb6 Qf4+ 43.
Kh1 Qc1+ 44. Kh2 Qf4+ 45. Kh1 Qc1+ 46. Qg1 Qf4 47. Bf3 Nxf3 48. gxf3+ Kf7 49. Qg4 Qc1+ 50.
Kg2 Qc2+ 51. Kg3 Qxa2 52. Qd7+ Kg6 53. Qxd6 Qxb3 54. Qd8 a4 55. Qg8+ Kf5 56. Qg4+ Ke5 57. Qf4# 1-0

[Event "*** Titled Tuesday Blitz"]
[Site "Chess.com"]
[Date "2020.11.03"]
[Round "1"]
[White "Pilopa"]
[Black "akanga001"]
[Result "1-0"]
[WhiteElo "2481"]
[BlackElo "1917"]
[TimeControl "180+1"]
[EndTime "10:08:05 PST"]
[Termination "Pilopa won on time"]

1. d4 d5 2. c4 e6 3. Nf3 Nf6 4.
Nc3 Be7 5. Bf4 O-O 6. e3 b6 7. Rc1 Bb7 8. Be2 dxc4 9. Bxc4 c5 10. O-O Nc6 11. dxc5 Bxc5 12. a3 Qxd1 13. Rfxd1 Rfd8 14. b4 Be7 15. h3 Rxd1+ 16. Rxd1 Rd8 17. Rxd8+ Bxd8 18. Nb5 Be7 19. Nd6 Bxd6 20. Bxd6 Ne4 21. Bc7 Kf8 22.
Bd3 Nf6 23. Ne5 Nxe5 24. Bxe5 Ke7 25. Bb8 a6 26. Be5 g6 27. Bd4 b5 28. f3 Nd7 29. e4 e5 30. Be3 Ke6 31. g4 f6 32.
Bc2 h5 33. gxh5 gxh5 34. h4 Nb8 35. Bb3+ Ke7 36. Bc5+ Kd7 37. Bf7 Nc6 38. Bxh5 Nd4 39. Bg4+ Ke8 40. Bxd4 exd4 41. Kf2 Kf7 42. Ke2 Kg6 43.
Kd3 f5 44. Bxf5+ Kh5 45. Kxd4 Kxh4 46. Ke3 Kg5 47. Be6 Kf6 48. Bd5 Bc8 49. f4 Ke7 50. Kd4 Kd6 51. e5+ Kc7 52. Be4 Kb6 53. f5 a5 54. e6 axb4 55. axb4 Kc7 56. Ke5 Kd8 57. f6 Ke8 58. Bc6+ Kf8 59. e7+ 1-0

[Event "*** Titled Tuesday Blitz"]
[Site "Chess.com"]
[Date "2020.11.03"]
[Round "1"]
[White "andriipalchuk"]
[Black "Indianlad"]
[Result "0-1"]
[WhiteElo "2460"]
[BlackElo "2948"]
[TimeControl "180+1"]
[EndTime "10:08:06 PST"]
[Termination "Indianlad won by resignation"]

1. d4 Nf6 2. Nf3 g6 3. c4 Bg7 4. g3 O-O 5. Bg2 c5 6. O-O Nc6 7. dxc5 Ne4 8. Qc2 Nxc5 9. Be3 d6 10. Rd1 Bf5 11. Qc1 Na4 12. Nd4 Nxd4 13. Bxd4 Bxd4 14. Rxd4 Qb6 15. Rd2 Rac8 16. b3 Bxb1 17. bxa4 Bf5 18. Rb2 Qd4 19. Rxb7 Rxc4 20. Qd1 Qe5 21. Rxa7 Rfc8 22.
Ra8 Rxa8 23. Bxa8 Qa5 24. Bf3 Rxa4 25. Qb3 Be6 26. Qb8+ Kg7 27. Qb2+ f6 28. Qb7 Kf7 29. Qb8 Qe5 30. Rc1 Kg7 31. Qe8 Rxa2 32. Qxe7+ Bf7 33. Qc7 d5 34. Qb7 Rb2 35. Qa7 Rd2 36. Rc7 Qe6 37.
h4 d4 38. Qa5 Rd1+ 39. Kg2 g5 40. Bd5 Qxe2 41. Rxf7+ Kg6 42. h5+ Qxh5 43. Be4+ Kxf7 44. Qc7+ Kg8 45. Qd8+ Kg7 46. Qd7+ Qf7 47. Qf5 Re1 48. Qxh7+ Kf8 49. Qf5 Qe7 50. Bd5 Re5 51. Qc8+ Qe8 52. Qc5+ Kg7 53. Qxd4 Qd7 54. Qb6 Qxd5+ 0-1

[Event "*** Titled Tuesday Blitz"]
[Site "Chess.com"]
[Date "2020.11.03"]
[Round "1"]
[White "Baby_Legs"]
[Black "Lysiak_Poltorak"]
[Result "1-0"]
[WhiteElo "2677"]
[BlackElo "2346"]
[TimeControl "180+1"]
[EndTime "10:08:07 PST"]
[Termination "Baby_Legs won on time"]

1. Nf3 g5 2. Nxg5 e5 3. d3 Be7 4. Nf3 Nc6 5. e4 d6 6. Nc3 f5 7.
Nd5 Nf6 8. Nxe7 Qxe7 9. Bg5 Bd7 10. h3 Rg8 11. exf5 Bxf5 12. Qd2 O-O-O 13. O-O-O Qf7 14.
Kb1 Rdf8 15. Bh6 Re8 16. g4 Be6 17. a3 Bd5 18. Bg2 Nxg4 19. Ng5 Qxf2 20. Bxd5 Qxd2 21. Rxd2 Nxh6 22. Bxg8 Rxg8 23. Nxh7 Nd4 24. Rf2 b6 25. Rf8+ Rxf8 26. Nxf8 d5 27. Ng6 Nc6 28. Re1 Nf7 29. Rf1 Nd6 30. h4 e4 31. dxe4 dxe4 32. h5 Nc4 33.
Kc1 N6e5 34. h6 Nxg6 35. h7 Kd7 36. Rf6 Nce5 37. Rf4 e3 38. Re4 Ke6 39. Rxe3 Kf6 40. Rc3 c5 41. Rh3 Kg7 42. Kd2 Nf7 43. Kc3 Ng5 44.
Rh1 Nxh7 45. Kc4 Nf6 46. Kb5 Kf7 47. Ka6 Nd5 48. Kxa7 Ne5 49. b3 c4 50. Rh5 Ke6 51.
Rh6+ Kd7 52. Kb7 cxb3 53. cxb3 Nd3 54. b4 Ne5 55. Rh5 Kd6 56. Rh6+ Kd7 57. Rh4 Kd6 58. Rd4 Nc6 59. Rd1 Ne5 60. a4 Nc4 61. b5 Ke6 62.
Rd4 Kd6 63. Rxc4 1-0

[Event "*** Titled Tuesday Blitz"]
[Site "Chess.com"]
[Date "2020.11.03"]
[Round "1"]
[White "BulletMercenary"]
[Black "VladimirBelous"]
[Result "1/2-1/2"]
[WhiteElo "2424"]
[BlackElo "2829"]
[TimeControl "180+1"]
[EndTime "10:08:08 PST"]
[Termination "Game drawn by repetition"]

1. e4 c5 2. d4 cxd4 3. Nf3 Nc6 4. Nxd4 e5 5. Nb5 d6 6. N1c3 a6 7. Na3 b5 8. Nd5 Nge7 9. c4 Nxd5 10. cxd5 Nd4 11.
Nc2 Bg4 12. f3 Qh4+ 13. Kd2 Qf2+ 14. Kd3 Nxf3 15. Be3 Nxh2 16. Bxf2 Bxd1 17. Rxd1 Ng4 18. Bg3 Rc8 19. Be2 Nf6 20. Rc1 Be7 21. Nb4 Rc4 22. Rxc4 bxc4+ 23. Ke3 Bd8 24. Bxc4 Bb6+ 25. Kd3 a5 26.
Nc6 Kd7 27. Bb5 Kc7 28. Rc1 Kb7 29. Ne7 Bc5 30. Be1 Kb6 31. Ba4 Nh5 32. g3 g6 33.
Nc6 Ra8 34. a3 f5 35. Nxa5 fxe4+ 36. Kxe4 Nf6+ 37. Kd3 Rf8 38. Bc6 Ng4 39. Nc4+ Ka7 40. b4 Bd4 41. Nxd6 Rf3+ 42. Kc4 Kb6 43. a4 Ne3+ 44. Kd3 Nf5+ 45. Ke2 Re3+ 46. Kd2 Nxd6 47. a5+ Ka6 48. Bf2 Ne4+ 49. Kc2 Rc3+ 50. Kb1 Nd2+ 51. Kb2 Rxc6+ 52. Bxd4 Rxc1 53. Kxc1 Nb3+ 54. Kc2 Nxd4+ 55. Kd3 Nf5 56. Ke4 Nxg3+ 57. Kxe5 Nf5 58. d6 Nxd6 59. Kxd6 Kb5 60. Ke5 h5 61. Kf4 Ka6 62. Kg5 Kb5 63.
Kh4 Ka6 64. Kg5 Kb5 65. Kh4 Ka6 66. Kg5 1/2-1/2

[Event "*** Titled Tuesday Blitz"]
[Site "Chess.com"]
[Date "2020.11.03"]
[Round "1"]
[White "obliviate12"]
[Black "GMaka"]
[Result "0-1"]
[WhiteElo "2708"]
[BlackElo "2387"]
[TimeControl "180+1"]
[EndTime "10:08:08 PST"]
[Termination "GMaka won on time"]

1. e4 c6 2. Nf3 d5 3. d3 dxe4 4. dxe4 Qxd1+ 5. Kxd1 Bg4 6. Be2 Nd7 7. Nfd2 Bxe2+ 8.
Kxe2 e5 9. a4 a5 10. Nc4 Bc5 11.
Nbd2 Ngf6 12. f3 Ke7 13. Nb3 Bb6 14. Bd2 Ra6 15. Nbxa5 Bxa5 16. Nxa5 Rha8 17. b4 b6 18. Nxc6+ Kd6 19. b5 Rxa4 20. Bb4+ Kc7 21. Bc3 Rxa1 22.
Rxa1 Rxa1 23. Bxa1 Kd6 24. c4 Ne8 25. Bb2 f6 26.
Ba3+ Nc5 27. Ke3 Nc7 28. Nb4 Kd7 29. g3 h5 30. h4 g5 31. Nd5 Nxd5+ 32. cxd5 Nb7 33.
hxg5 fxg5 34. Ke2 Nc5 35. Kf2 Nb3 36. Ke3 Nd4 37. Bb2 Nxb5 38. Bxe5 Na3 39. f4 Nc4+ 40. Kd4 Nxe5 41. Kxe5 b5 42. Kf6 h4 43. e5 hxg3 44. e6+ Kc7 45. e7 g2 46. e8=Q g1=Q 47. Qc6+ Kd8 48.
d6 Qd4+ 49. Kg6 Qd2 0-1

[Event "*** Titled Tuesday Blitz"]
[Site "Chess.com"]
[Date "2020.11.03"]
[Round "1"]
[White "BlackBoarder"]
[Black "levallem"]
[Result "1-0"]
[WhiteElo "2560"]
[BlackElo "2231"]
[TimeControl "180+1"]
[EndTime "10:08:08 PST"]
[Termination "BlackBoarder won on time"]

1. e4 d5 2. exd5 Qxd5 3. Nf3 Nf6 4. d4 c6 5. c4 Qa5+ 6. Bd2 Qc7 7. Nc3 e6 8. Bd3 Bd6 9. O-O Nbd7 10. h3 b6 11. Ng5 a6 12. Nce4 Nxe4 13. Nxe4 Be7 14. Re1 Nf6 15. Qf3 O-O 16. Bg5 Nxe4 17. Qxe4 f5 18.
Qe3 Bxg5 19. Qxg5 Bd7 20. Re3 Rf6 21. Rae1 Raf8 22. Bc2 Qd6 23. Rd3 a5 24. Bb3 c5 25.
Qe3 f4 26. Qe5 Qxe5 27. dxe5 R6f7 28. Rd6 Rb8 29. Red1 Rb7 30. Bc2 Bc8 31. Rd8+ Rf8 32. Rxf8+ Kxf8 33. Rd8+ Kf7 34. Rxc8 Rd7 35. Be4 Rd4 36.
Bf3 Rxc4 37. Rb8 Rb4 38. b3 a4 39. bxa4 Rxa4 40. Rb7+ Kf8 41. Rxb6 Rxa2 42. Rxe6 Kf7 43. Rc6 Ra1+ 44. Kh2 Re1 45. Rxc5 Ke7 46. Bg4 h5 47. Bxh5 Rf1 48. Bg4 Rxf2 49. Rc7+ Kf8 50. e6 g6 51. h4 Rf1 52. h5 gxh5 53. e7+ Kg7 54. e8=Q+ 1-0

[Event "*** Titled Tuesday Blitz"]
[Site "Chess.com"]
[Date "2020.11.03"]
[Round "1"]
[White "ajdemipopushi"]
[Black "nrvisakh"]
[Result "0-1"]
[WhiteElo "2377"]
[BlackElo "2744"]
[TimeControl "180+1"]
[EndTime "10:08:09 PST"]
[Termination "nrvisakh won by resignation"]

1. Nf3 Nf6 2. g3 g6 3. c4 Bg7 4. Bg2 O-O 5. O-O d6 6. d4 Nc6 7. Nc3 a6 8. h3 Rb8 9. e4 b5 10. e5 Ne8 11. cxb5 axb5 12. Qe2 b4 13. Na4 Bd7 14.
b3 Na7 15. Rd1 Qc8 16. Kh2 Nb5 17. Bb2 c6 18. Rac1 Nec7 19. Ng5 Qa6 20. f4 Rbc8 21.
Ne4 Rfe8 22. Qd2 Qa5 23. h4 Nd5 24. Ng5 Ra8 25. Rc2 Nbc3 26. Bxd5 Nxd5 27. Re1 Bf5 28.
Rxc6 Rac8 29. Rxc8 Rxc8 30. e6 f6 31. Ne4 Bxe4 32. Rxe4 Nc3 33. Re1 Nxa4 34. bxa4 Qxa4 35. Re2 f5 36. d5 Qxa2 37. Bxg7 Qxd2 38. Rxd2 Kxg7 39. Rb2 Rb8 40. Kg2 h6 41. Kf3 g5 42.
Ke3 b3 43. Kd3 Kg6 44. Kc4 Kh5 45. hxg5 hxg5 46. Rxb3 Rxb3 47. Kxb3 gxf4 48. gxf4 Kg4 49. Kb4 Kxf4 50. Kb5 Ke5 51. Kc6 f4 52. Kd7 Kf6 53. Kc6 f3 54. Kb5 f2 55. Kc4 f1=Q+ 0-1

[Event "*** Titled Tuesday Blitz"]
[Site "Chess.com"]
[Date "2020.11.03"]
[Round "1"]
[White "barriochess"]
[Black "Evgeny81"]
[Result "0-1"]
[WhiteElo "2364"]
[BlackElo "2707"]
[TimeControl "180+1"]
[EndTime "10:08:09 PST"]
[Termination "Evgeny81 won by resignation"]

1. d4 Nf6 2. c4 e5 3. dxe5 Ne4 4. a3 Nc6 5. Nf3 d6 6. e3 Nxe5 7. Nxe5 dxe5 8. Qxd8+ Kxd8 9. Nd2 Nc5 10. b4 Na4 11. Bd3 a5 12. bxa5 Rxa5 13. O-O Be6 14. Nb3 Ra8 15. Rd1 Kc8 16. Bf1 Be7 17. Bd2 Rd8 18.
Bb4 Rxd1 19. Rxd1 Bxb4 20. axb4 b5 21. Na5 Nb2 22. Rc1 Nxc4 23. Nxc4 bxc4 24. h3 Rb8 25.
Bxc4 Rxb4 26. Bxe6+ fxe6 27. Rc5 e4 28. h4 h6 29. Kh2 Kd7 30. Kg3 Kd6 31. Ra5 Rb8 32. Ra2 Rf8 33. Ra6+ Kd5 34. Ra7 Rf7 35. f3 exf3 36. gxf3 Kd6 37. e4 e5 38. h5 Re7 39.
Kg4 c6 40. Ra8 Rf7 41. Rd8+ Kc7 42. Ra8 Kd6 43. Rd8+ Rd7 44. Rf8 c5 45. Kf5 Rc7 46. Rd8+ Ke7 47. Rd5 c4 48. Rxe5+ Kf7 49. Ra5 c3 50.
Ra1 c2 51. Rc1 Rc3 52. f4 Ke7 53. e5 Rc4 54. Kg4 Ke6 55. Kf3 Kf5 56. Ke3 Rc8 57. Kf3 Rc3+ 58. Ke2 Kxf4 59. Kd2 Rc6 60. Rxc2 Rxc2+ 61.
Kxc2 Kxe5 0-1

[Event "*** Titled Tuesday Blitz"]
[Site "Chess.com"]
[Date "2020.11.03"]
[Round "1"]
[White "Ashedu66"]
[Black "gammagramma"]
[Result "0-1"]
[WhiteElo "2229"]
[BlackElo "2560"]
[TimeControl "180+1"]
[EndTime "10:08:10 PST"]
[Termination "gammagramma won on time"]

1. d4 d5 2. c4 e6 3. Nf3 a6 4.
c5 Nf6 5. Nc3 b6 6. cxb6 cxb6 7.
Bf4 Nc6 8. e3 Be7 9. Rc1 Bb7 10.
Bd3 O-O 11. O-O Nh5 12. Be5 f6 13. Bg3 f5 14. Be5 Nf6 15. Bg3 Rc8 16. Ne5 Ne4 17. Nxc6 Rxc6 18. Be5 Nxc3 19. Rxc3 Rxc3 20. bxc3 b5 21.
a4 Bc6 22. axb5 Bxb5 23. Bxb5 axb5 24. Qb3 Qa5 25. Rb1 Rc8 26. Qxb5 Qxc3 27. g3 Kf7 28. Qd7 Qc6 29. Qxc6 Rxc6 30. Rb7 g5 31. Kg2 h5 32. h3 g4 33. hxg4 fxg4 34. Bf4 Ke8 35. Rb8+ Kf7 36. Rb7 Ke8 37. Rb8+ Kd7 38. Rh8 Rc2 39. Rxh5 Bb4 40. Rh7+ Ke8 41. e4 dxe4 42. Be3 Bd2 43. Bxd2 Rxd2 44. Kf1 Rxd4 45. Rg7 e3 46. fxe3 Re4 47. Ke2 Kf8 48. Rg5 Kf7 49. Kd3 Ra4 50. Rb5 Kf6 51. Rc5 Ra2 52. Rb5 Rg2 53.
Ke4 Rxg3 54. Kf4 Rg1 55. Rb8 e5+ 56. Ke4 Kg5 57. Kxe5 Re1 58. e4 g3 59. Rg8+ Kh4 60. Kf5 Rf1+ 61. Ke6 Rf4 0-1

[Event "*** Titled Tuesday Blitz"]
[Site "Chess.com"]
[Date "2020.11.03"]
[Round "1"]
[White "woodhy"]
[Black "niki_2003"]
[Result "1-0"]
[WhiteElo "2482"]
[BlackElo "1914"]
[TimeControl "180+1"]
[EndTime "10:08:10 PST"]
[Termination "woodhy won by resignation"]

1. e4 c5 2. Nf3 d6 3. d4 cxd4 4. Nxd4 Nf6 5. f3 g6 6. c4 Bg7 7. Be3 Nc6 8. Nc3 Qb6 9. Ncb5 Qa5+ 10. Bd2 Qb6 11. Be3 Qa5+ 12. Qd2 Qxd2+ 13. Kxd2 Kd7 14.
Nxc6 bxc6 15. Nc3 a5 16. Rd1 Ba6 17. Na4 Kc7 18. b3 Rab8 19. Bd3 Nd7 20. Ke2 Ne5 21. Bd2 Kb7 22. Bxa5 Ra8 23. Bc3 Nxd3 24. Kxd3 Bxc3 25. Kxc3 Rhd8 26. Rhe1 e6 27. e5 d5 28. h4 Kc7 29.
c5 Bb5 30. Rd4 Ra5 31. Kb2 Bxa4 32. Rxa4 Rxa4 33. bxa4 Kb7 34. Kc3 Ka6 35. Rb1 Ka5 36. Rb6 Kxa4 37. Rxc6 Kb5 38. Rc7 d4+ 39. Kd3 Kb4 40. c6 Kc5 41. Rd7 Ra8 42. Rxd4 Ra3+ 43. Ke4 Kxc6 44. Rd2 Ra4+ 45. Ke3 Ra3+ 46. Kf4 Ra4+ 47.
Kg5 Ra5 48. Kf6 Kc5 49. Kxf7 Ra6 50. Rd6 Rxd6 51. exd6 Kxd6 52. a4 e5 53. a5 Kc6 54.
Ke6 Kb5 55. Kxe5 Kxa5 56. Kf6 Kb5 57. Kg7 Kc5 58. Kxh7 Kd5 59. Kxg6 Ke5 60. h5 Kf4 61. h6 Kg3 62. h7 Kxg2 63. h8=Q Kxf3 64. Qh4 1-0

[Event "*** Titled Tuesday Blitz"]
[Site "Chess.com"]
[Date "2020.11.03"]
[Round "1"]
[White "vinniethepooh"]
[Black "Eloist"]
[Result "1-0"]
[WhiteElo "2564"]
[BlackElo "2231"]
[TimeControl "180+1"]
[EndTime "10:08:11 PST"]
[Termination "vinniethepooh won on time"]

1. d4 e6 2. c4 Nf6 3. Nc3 Bb4 4. f3 c5 5. d5 Bxc3+ 6. bxc3 Qa5 7. e4 d6 8. Qc2 Nbd7 9. Bd3 Ne5 10. Ne2 Bd7 11. a4 b5 12. Ng3 bxc4 13. Be2 Rb8 14. O-O Rb3 15. f4 Neg4 16. h3 Qxc3 17. Qxc3 Rxc3 18. Rf3 Rxf3 19. Bxf3 Nh6 20. Bb2 O-O 21. Bxf6 gxf6 22.
Nh5 Kh8 23. Nxf6 Rd8 24. Rc1 Bxa4 25. Rxc4 Bb5 26. Rc3 Ng8 27. Nxg8 Kxg8 28. Ra3 a6 29. Kf2 exd5 30. exd5 Re8 31. g4 f6 32. h4 Kg7 33.
g5 c4 34. f5 Rc8 35. Re3 Kf8 36. gxf6 c3 37. Re1 c2 38. Rc1 Bd3 39. Ke3 Bxf5 40. Kf4 Bd3 41. Ke3 Bg6 42. h5 Rc3+ 43. Kf4 Bd3 44. Ke3 Bg6+ 45. Kf4 Bf7 46. Be4 Rc4 47. Rxc2 Rxc2 48. Bxc2 h6 49. Bg6 a5 50. Kf5 1-0

[Event "*** Titled Tuesday Blitz"]
[Site "Chess.com"]
[Date "2020.11.03"]
[Round "1"]
[White "Das_Virus_2020"]
[Black "Man-Chuk"]
[Result "0-1"]
[WhiteElo "2430"]
[BlackElo "2853"]
[TimeControl "180+1"]
[EndTime "10:08:12 PST"]
[Termination "Man-Chuk won on time"]

1. e4 c5 2. c3 Nf6 3. e5 Nd5 4.
Bc4 e6 5. Nf3 d6 6. d4 Nc6 7.
O-O Nb6 8. Bb3 cxd4 9. cxd4 dxe5 10. dxe5 Qxd1 11. Rxd1 Be7 12. Nc3 O-O 13. Be3 Na5 14.
Bc2 Nac4 15. Bc1 Nd7 16. Re1 Bb4 17. Bd3 Ncb6 18. Bd2 Nc5 19. Bf1 Bd7 20. a3 Bxc3 21. Bxc3 Nd5 22. Bb4 Rfc8 23. Red1 a5 24. Bxc5 Rxc5 25.
Rd2 Rac8 26. Rad1 Ba4 27. Rb1 Rc1 28. Rxc1 Rxc1 29. Nd4 Re1 30. g3 Rxe5 31. f4 Re1 32. Kf2 Rc1 33. Bg2 Rc5 34. f5 Bd7 35. fxe6 fxe6 36. Nf3 Nf6 37. Nd4 b6 38. h3 Kf7 39.
Ke3 Re5+ 40. Kf2 h6 41. g4 b5 42. Bf3 b4 43. axb4 axb4 44. Nb3 Ba4 45. Nd4 Rc5 46.
Kg3 Bd7 47. Kf2 Rc1 48. Kg3 e5 49. Nb3 Rc7 50. Kf2 Ke7 51. Na5 Be6 0-1

[Event "*** Titled Tuesday Blitz"]
[Site "Chess.com"]
[Date "2020.11.03"]
[Round "1"]
[White "Beltraxtor"]
[Black "manipun1"]
[Result "0-1"]
[WhiteElo "2537"]
[BlackElo "2236"]
[TimeControl "180+1"]
[EndTime "10:08:12 PST"]
[Termination "manipun1 won on time"]

1. e4 d6 2. d4 Nf6 3. Nc3 e5 4. Nf3 Nbd7 5. Bc4 Be7 6. O-O O-O 7. a4 c6 8. Re1 h6 9. h3 Re8 10.
Ba2 Bf8 11. Qd3 exd4 12. Qxd4 Nc5 13. e5 dxe5 14. Qxd8 Rxd8 15. Nxe5 Be6 16. Bxe6 Nxe6 17. Be3 Nd5 18. Nxd5 Rxd5 19. Nc4 Bc5 20. Rad1 Bxe3 21. Nxe3 Rxd1 22. Rxd1 Rd8 23. Rxd8+ Nxd8 24. Kf1 Kf8 25. Nf5 h5 26. Ke2 g6 27. Nd4 Ke7 28. Ke3 Kd6 29.
Ke4 b6 30. g4 hxg4 31. hxg4 a6 32. f4 b5 33. axb5 axb5 34. f5 gxf5+ 35. gxf5 b4 36. b3 Nb7 37. Ne2 Nc5+ 38. Kd4 Nd7 39. Ng3 c5+ 40. Ke4 Nb6 41. Nh5 Nd5 42. Ng7 Nc3+ 43. Kd3 Ke5 44. Kc4 Ne4 45. Ne8 Kxf5 46. Kd5 Kf4 47. Ng7 f5 48. Ke6 Ke3 49. Nxf5+ Kd2 50.
Kd5 Kxc2 51. Kxe4 Kxb3 52. Kd3 c4+ 53. Kd2 Kb2 54. Nd4 c3+ 55. Kd1 b3 56. Ne2 c2+ 57. Kd2 Kb1 58. Kc3 b2 0-1

[Event "*** Titled Tuesday Blitz"]
[Site "Chess.com"]
[Date "2020.11.03"]
[Round "1"]
[White "ExtremeLearner"]
[Black "Gabrielian_Artur"]
[Result "0-1"]
[WhiteElo "2393"]
[BlackElo "2784"]
[TimeControl "180+1"]
[EndTime "10:08:14 PST"]
[Termination "Gabrielian_Artur won on time"]

1. d4 Nf6 2. Nf3 g6 3. g3 Bg7 4. Bg2 O-O 5. O-O d6 6. b3 b5 7. Bb2 Bb7 8. Nbd2 Nbd7 9. Re1 c5 10. c3 Qb6 11. e4 cxd4 12. cxd4 Rac8 13. Rc1 Rxc1 14. Qxc1 Rc8 15. Qa1 Rc2 16. Qb1 Rc8 17. Qa1 a6 18. h3 Rc2 19. Qb1 Qc7 20. d5 Rxb2 21. Qxb2 Nxd5 22. Qc1 Qxc1 23. Rxc1 Nc3 24. Bf1 b4 25. Nb1 Bxe4 26. Nxc3 bxc3 27. Ne1 a5 28.
Bd3 Bb7 29. Nc2 Nc5 30. Bf1 d5 31. Rd1 e5 32. f4 exf4 33. gxf4 f5 34. Bg2 Ne4 35.
Bxe4 fxe4 36. Kf2 Kf7 37. Ke3 Ke7 38. Nd4 Kd6 39. Rc1 Bc8 40. Rxc3 Bxh3 41. Nb5+ Ke6 42. Rc6+ Kf5 43. Nd6+ Kg4 44. Nf7 d4+ 45. Kf2 e3+ 46. Ke2 Kxf4 47. Rc4 Bg4+ 48. Ke1 Kg3 49. Nd6 d3 50.
Ne4+ Kg2 51. b4 d2+ 0-1

[Event "*** Titled Tuesday Blitz"]
[Site "Chess.com"]
[Date "2020.11.03"]
[Round "1"]
[White "sopo-tereladze"]
[Black "Jungle_Jaguar"]
[Result "0-1"]
[WhiteElo "2311"]
[BlackElo "2630"]
[TimeControl "180+1"]
[EndTime "10:08:16 PST"]
[Termination "Jungle_Jaguar won by resignation"]

1. d4 Nf6 2. Nf3 g6 3. Bg5 Bg7 4. Nc3 d5 5. e3 O-O 6. Bd3 c5 7. O-O Nc6 8. dxc5 e5 9. e4 d4 10. Nd5 Be6 11. Nxf6+ Bxf6 12. Bxf6 Qxf6 13. a3 a5 14. h3 Qe7 15. Qe2 Qxc5 16. Ng5 Bd7 17. Rac1 f6 18. Bc4+ Kg7 19. Ne6+ Bxe6 20. Bxe6 Rfe8 21.
Bd5 Ne7 22. c4 Rab8 23. Qd2 g5 24. b4 axb4 25. axb4 Qd6 26. Ra1 h6 27. Ra5 Ng6 28.
Ra7 Re7 29. g3 b6 30. Rfa1 Rc7 31. Rxc7+ Qxc7 32. Qa2 Ne7 33. Qa7 Nxd5 34. exd5 Rb7 35. Qa8 d3 36. Rd1 e4 37. d6 Qd7 38. c5 bxc5 39. bxc5 Rb4 40. Qd5 Qa4 41. Re1 Rd4 42. Qe6 d2 43. Qe7+ Kg6 44. Rf1 d1=Q 45. Rxd1 Rxd1+ 46. Kh2 Rd2 47. Kg2 Qc6 48. Kg1 Rd1+ 49. Kh2 e3 50. f3 Rd2+ 51. Kg1 e2 52. Kf2 Qxc5+ 0-1

[Event "*** Titled Tuesday Blitz"]
[Site "Chess.com"]
[Date "2020.11.03"]
[Round "1"]
[White "queen_iryna"]
[Black "keshka01"]
[Result "0-1"]
[WhiteElo "2261"]
[BlackElo "2583"]
[TimeControl "180+1"]
[EndTime "10:08:20 PST"]
[Termination "keshka01 won on time"]

1. e4 Nf6 2. e5 Nd5 3. d4 d6 4. c4 Nb6 5. exd6 exd6 6. Nc3 Be7 7. h3 O-O 8. Nf3 Nc6 9. Bd3 Bf6 10. O-O g6 11. Ne4 Nxd4 12. Nxf6+ Qxf6 13. Nxd4 Qxd4 14. Qf3 Bd7 15. Bh6 Bc6 16. Qg3 Rfe8 17. b3 Nd7 18. Rad1 Qe5 19. Bf4 Qg7 20. Rfe1 Nc5 21. Bc2 Rxe1+ 22.
Rxe1 Re8 23. Rxe8+ Bxe8 24. b4 Ne6 25. c5 dxc5 26.
bxc5 Qd4 27. Be5 Qxc5 28. Bb3 Bc6 29. Bxe6 fxe6 30. Bxc7 Qd5 31. Be5 Qe4 32. Kh2 Qf5 33. Bd4 e5 34. Bxe5 g5 35. Bd4 Qf4 36. Qxf4 gxf4 37.
Bxa7 Bd5 38. Bb8 Bxa2 39. Bxf4 Bd5 40. Be5 b5 41. Kg3 Kf7 42. Bb2 Ke6 43. f3 Kf5 44. Kf2 b4 45. g3 Ke6 46. Ke3 Kf7 47. f4 Bg2 48. g4 Bxh3 49. g5 Bf5 50. Kd4 b3 51. Ke5 Kg6 52. Kd4 Bc2 53. Ke5 Bb1 54. Kd4 Kf5 55. Ke3 Bc2 56. Ba1 Ke6 57. Bb2 Kd5 58.
Ba1 Bf5 59. Bb2 Kc4 60. Ba1 Kc5 61. Bb2 Kb4 0-1

[Event "*** Titled Tuesday Blitz"]
[Site "Chess.com"]
[Date "2020.11.03"]
[Round "1"]
[White "Michaelson_11"]
[Black "PIwan"]
[Result "0-1"]
[WhiteElo "2142"]
[BlackElo "2527"]
[TimeControl "180+1"]
[EndTime "10:08:20 PST"]
[Termination "PIwan won on time"]

1. e4 e6 2. d4 d5 3. Nc3 Nf6 4. e5 Nfd7 5. f4 c5 6. Nf3 Nc6 7. Be3 Qb6 8. Na4 Qa5+ 9. c3 cxd4 10. b4 Nxb4 11. cxb4 Bxb4+ 12. Bd2 Bxd2+ 13. Nxd2 b6 14. Bd3 Ba6 15. Nb2 Bxd3 16. Nxd3 Qc3 17. Qb1 O-O 18. Ke2 f6 19. Rc1 Qa5 20. Nb3 Qa6 21. Nxd4 fxe5 22. Qb5 Qxb5 23. Nxb5 e4 24. Ne5 Nc5 25. g3 g5 26. Rg1 Rad8 27. Nd4 Rd6 28. Rac1 h6 29.
h4 Kg7 30. Nb5 Rdd8 31. hxg5 hxg5 32. Nd4 Rh8 33. Rh1 Kf6 34. Ng4+ Ke7 35. Nc6+ Kd6 36.
Nxd8 Rxd8 37. Ne5 d4 38. Rh7 gxf4 39. Nf7+ Kd5 40. Nxd8 f3+ 41. Kf2 Nd3+ 42. Kg1 Nxc1 43. Rd7+ Kc4 44. Nxe6 Ne2+ 45. Kf2 d3 46. Nf4 Nd4 47.
Rc7+ Kb5 48. Ke3 Nf5+ 49. Kxe4 f2 50. Kxf5 f1=Q 51. g4 d2 52. g5 d1=Q 53. g6 Qb1+ 54. Kg5 Qxf4+ 55. Kxf4 Qxg6 0-1

[Event "*** Titled Tuesday Blitz"]
[Site "Chess.com"]
[Date "2020.11.03"]
[Round "1"]
[White "WinstonSilvakov"]
[Black "redbaron8888"]
[Result "0-1"]
[WhiteElo "2120"]
[BlackElo "2514"]
[TimeControl "180+1"]
[EndTime "10:08:21 PST"]
[Termination "redbaron8888 won by resignation"]

1. d4 Nf6 2. e3 g6 3. h4 d5 4. h5 Nxh5 5. Rxh5 gxh5 6. Qxh5 c6 7. Nf3 e6 8. Bd3 Nd7 9. c4 Nf6 10. Qh4 Ne4 11. Qh5 Nf6 12. Qh4 Be7 13. Nc3 Ne4 14. Qh5 Nf6 15. Qh4 dxc4 16. Bxc4 Nd5 17. Qh5 Bf6 18. Ne4 b6 19. Bd2 Bb7 20. Ne5 Bxe5 21.
dxe5 Qe7 22. Bxd5 cxd5 23. Nd6+ Kd8 24. e4 Rf8 25. Bh6 Kd7 26. Nxb7 Qb4+ 27. Bd2 Qxe4+ 28.
Kf1 Qg6 29. Qxg6 fxg6 30. Nd6 a6 31. g3 Ra7 32. Ke2 Rc7 33. f4 Rc2 34. Rb1 b5 35.
Kd3 Rc6 36. Bb4 Rh8 37. Nf7 Ra8 38. Ng5 a5 39. Bd2 h5 40. Nf3 b4 41. Nd4 Rc7 42. g4 hxg4 43. Rg1 Rh8 44. Rxg4 Rh3+ 45. Be3 Rc1 46.
Rxg6 Rd1+ 47. Ke2 Rb1 48. Rg7+ Kc8 49. f5 Rxb2+ 50. Kd3 exf5 51. e6 f4 52. Nf5 fxe3 53. Rg8+ Kc7 54. Nxe3 d4 55. Kxd4 Kd6 56. Nc4+ Kxe6 57.
Nxb2 Rh2 58. Ra8 Rxb2 59. Rxa5 b3 60. axb3 Rxb3 61. Re5+ Kd6 62. Rd5+ Kc6 63. Rc5+ Kb6 64. Rc4 Rb5 65. Rc5 Rxc5 0-1

[Event "*** Titled Tuesday Blitz"]
[Site "Chess.com"]
[Date "2020.11.03"]
[Round "1"]
[White "Xeniya2005"]
[Black "vanea_03"]
[Result "0-1"]
[WhiteElo "2371"]
[BlackElo "2724"]
[TimeControl "180+1"]
[EndTime "10:08:25 PST"]
[Termination "vanea_03 won by resignation"]

1. e4 e5 2. Nf3 Nc6 3. Nc3 Nf6 4. Bb5 Bc5 5. O-O Nd4 6. Nxd4 Bxd4 7. d3 O-O 8. Bg5 c6 9. Ba4 h6 10. Bh4 g5 11. Bg3 d6 12. Rb1 Bg4 13. Qd2 Nh5 14. Ne2 Bb6 15. Bb3 Kg7 16. Kh1 f5 17. f3 Nxg3+ 18. Nxg3 f4 19. fxg4 fxg3 20. hxg3 Qe7 21.
Qe2 Rxf1+ 22. Rxf1 Rf8 23. Rf3 Rxf3 24. gxf3 Bc5 25.
Kg2 b5 26. c3 a5 27. a4 b4 28. Qd2 bxc3 29. bxc3 Qb7 30. Bd1 Qb6 31. Qe2 Qb1 32.
Qd2 Qa1 33. Kh2 Ba3 34. Kg2 Bb2 35. c4 Bc3 36. Qc2 Bb4 37. Kf2 Qd4+ 38. Kg2 Qe3 39.
Be2 Bc5 40. Qd1 Qf2+ 41. Kh3 Bb4 42. Qf1 Qe3 43. Kg2 Kf6 44. Qf2 Qd2 45. Bf1 Qd1 46. Qe2 Qxa4 47. Qf2 Bc5 48. Qb2 Qb4 49. Qxb4 Bxb4 50.
Be2 a4 51. Bd1 a3 52. Bb3 Ke7 53. Kf2 Kd7 54. Ke2 Kc7 55. Kd1 Kb6 56. Kc2 Kc5 57. Ba2 Kd4 58. Kb3 Bc5 59. Kc2 Ke3 0-1